 Dungeon Crawl Stone Soup version 0.30-a0-585-g93115170b9 (webtiles) character file.

Game seed: 3341773565995677154

1811 lunkers the Firebug (level 9, -4/74 (75) HPs)
             Began as a Meteoran Cinder Acolyte on Jan 2, 2023.
             Was an Initiate of Ashenzari.
             Slain by a fire elemental (12 damage)
             ... created by the fiery vengeance of Ignis
             ... on level 7 of the Dungeon.
             The game lasted 00:07:47 (3187 turns).

lunkers the Firebug (Meteoran Cinder Acolyte)       Turns: 3187, Time: 00:07:48

HP:   -4/74 (75)    AC: 15    Str: 16    XL:     9   Next: 56%
MP:   16/16         EV: 13    Int: 20    God:    Ashenzari [......]
Gold: 258           SH:  5    Dex: 16    Spells: 14/16 levels left

rFire   . . .      SeeInvis .    t - +4 quarterstaff (chaos)
rCold   . . .      Faith    .    (shield currently unavailable)
rNeg    + . .      Spirit   .    h - +4 ring mail of Autotheism {rN+}
rPois   .          Reflect  +    q - +1 helmet
rElec   .          Harm     .    i - +2 cloak
rCorr   .          Rampage  .    (no gloves)
Will    +....                    (no boots)
Stlth   +                        k - amulet of reflection
HPRegen 0.32/turn                o - ring of the Esoteric Prison {Fly, Elem, Comp} (curse)
MPRegen 0.15/turn                x - +6 ring of dexterity

@: flying, glowing, lightly drained, fire susceptible
A: sense surroundings 2, otherworldly, glowing, explore regen
a: Renounce Religion, Shatter the Chains


You were on level 7 of the Dungeon.
You worshipped Ashenzari.
Ashenzari was noncommittal.
You visited 1 branch of the dungeon, and saw 7 of its levels.
You also visited: Sewer.

You collected 258 gold pieces.

Inventory:

Hand Weapons
 a - a -1 mace of flaming
 c - a +0 morningstar
 r - a +3 dagger
 t - a +4 quarterstaff of chaos (weapon)
Armour
 h - the +4 ring mail of Autotheism (worn) {rN+}
   (You found it on level 2 of the Dungeon)

   rN:        It protects you from negative energy.
 i - a +2 cloak (worn)
 q - a +1 helmet (worn)
Jewellery
 k - an amulet of reflection (around neck)
 n - a ring of ice
 o - the cursed ring of the Esoteric Prison (left hand) {Fly, Elem, Comp}
   (You found it on level 3 of the Dungeon)

   [ring of flight]

   Fly:       It grants you flight.
   It has a curse which improves the following skills: Elements: Fire Magic, Ice
   Magic, Air Magic and Earth Magic.
   Companions: Summonings and Necromancy.
 x - a +6 ring of dexterity (right hand)
Wands
 m - a wand of mindburst (13)
 u - a wand of roots (15)
Scrolls
 f - 2 scrolls of teleportation
 j - 3 scrolls of enchant armour
Potions
 g - 4 potions of curing
 l - a potion of attraction
 s - a potion of flight
 v - 2 potions of might
 w - a potion of ambrosia
 z - a potion of magic
 A - 4 potions of haste
 C - a potion of mutation {unknown}


   Skills:
 + Level 5.9 Fighting
 - Level 6.0(7.6) Maces & Flails
 * Level 6.7(7.6) Staves
 - Level 4.0 Armour
 + Level 4.8 Dodging
 - Level 4.0 Spellcasting
 - Level 7.0(7.4) Fire Magic


You had 14 spell levels left.
You knew the following spells:

 Your Spells              Type           Power      Damage    Failure   Level
b - Scorch                Fire           66%        2d8       1%          2

Your spell library contained the following spells:

 Spells                   Type           Power      Damage    Failure   Level
 Inner Flame              Hex/Fire       18%        N/A       16%         3
 Kiss of Death            Conj/Necr      16%        2d6       22%         1
 Flame Wave               Conj/Fire      18%        2d7       45%         4
 Sticky Flame             Conj/Fire      18%        2d4       45%         4
 Confusing Touch          Hex            4%         N/A       56%         3
 Dispel Undead            Necr           4%         3d7       92%         4


Dungeon Overview and Level Annotations

Branches:
Dungeon (7/15) Zot: 1259    Sewer (visited)
 Temple: D:4-7

Altars:
Ashenzari
Nemelex Xobeh
Trog
Zin


Innate Abilities, Weirdness & Mutations

You passively map the area around you.
You are easily found by Zot.
You glow in the dark.
You regain HP and MP as you explore.


Message History

You miss the fire elemental.
The fire elemental is lightly damaged.
The fire elemental hits you. The fire elemental burns you!
You closely miss the fire elemental.
The fire elemental is lightly damaged.
The fire elemental hits you. The fire elemental burns you!
* * * LOW HITPOINT WARNING * * *
You barely miss the fire elemental.
The fire elemental is lightly damaged.
The fire elemental hits you. The fire elemental burns you!
* * * LOW HITPOINT WARNING * * *
The fire elemental misses you.
You miss the fire elemental.
The fire elemental is lightly damaged.
The fire elemental hits you. The fire elemental burns you!
* * * LOW HITPOINT WARNING * * *
You hit the fire elemental. You freeze the fire elemental.
The fire elemental is lightly damaged.
The fire elemental hits you. The fire elemental burns you!
* * * LOW HITPOINT WARNING * * *
You barely miss the fire elemental.
The fire elemental is lightly damaged.
The fire elemental hits you. The fire elemental burns you!
* * * LOW HITPOINT WARNING * * *
You feel much better. The fire elemental hits you.
The fire elemental burns you!
* * * LOW HITPOINT WARNING * * *
Aiming: Mindburst
Press: ? - help, Shift-Dir - straight line, f - you
Okay, then.
You closely miss the fire elemental.
The fire elemental is lightly damaged.
The fire elemental hits you. The fire elemental burns you!
* * * LOW HITPOINT WARNING * * *
You hit the fire elemental.
The fire elemental is lightly damaged.
The fire elemental hits you. The fire elemental burns you!
* * * LOW HITPOINT WARNING * * *
The fire elemental hits you. The fire elemental burns you!
You die...

#.# ** * * ,
#.# #.. , ,
#.# #.# #.#
#.# * * ,#.#
#.# , *, ,#.#
#.# , **** *
#.# #.# ,#.#
#E# *, ,#.#
#@# * ,*
#.########.#
*** ,,
#..........#
,,, , *
*############
* * ***


You could see a fire elemental.

Vanquished Creatures
  A steam dragon (D:6)
  A fire elemental (D:7)
  2 water moccasins
  An ice beast (D:6)
  2 ogres
  2 black bears
  A phantom (D:4)
  A centaur (D:6)
  2 necrophages
  2 scorpions
  A hound (D:5)
  Crazy Yiuf (D:4)
  An orc priest (D:6)
  3 jellies (Sewer)
  2 iguanas (D:4)
  5 orc wizards
  Robin (D:4)
  11 adders
  An ufetubus (D:2)
  2 worms
  3 dart slugs
  15 orcs
  16 endoplasms
  9 giant cockroaches
  17 goblins
  8 hobgoblins
  3 jackals (D:1)
  9 quokkas
  11 ball pythons
  5 bats
  5 frilled lizards
  9 kobolds
  6 rats
159 creatures vanquished.

Vanquished Creatures (others)
  12 foxfires (D:5)
12 creatures vanquished.

Grand Total: 171 creatures vanquished

Notes
Turn   | Place    | Note
-------+----------+-------------------------------------------
     0 | D:1      | lunkers the Meteoran Cinder Acolyte began the quest for the
                  | Orb.
     0 | D:1      | Reached XP level 1. HP: 19/19 MP: 3/3
   134 | D:1      | Reached XP level 2. HP: 22/26 MP: 5/5
   137 | D:1      | Learned a level 2 spell: Scorch
   200 | D:1      | Reached skill level 4 in Fire Magic
   322 | D:1      | Reached XP level 3. HP: 25/31 MP: 2/7
   490 | D:1      | Glimpsed the power of Zot.
   502 | D:2      | Found a glowing silver altar of Zin.
   569 | D:2      | Reached XP level 4. HP: 38/38 MP: 5/9
   614 | D:2      | Reached skill level 5 in Maces & Flails
   620 | D:2      | Identified the +4 ring mail of Autotheism {rN+}
   716 | D:2      | Reached XP level 5. HP: 45/45 MP: 2/10
   814 | D:3      | Found a faded altar of an unknown god.
   923 | D:3      | Noticed a black bear
   938 | D:3      | Killed a black bear
   939 | D:3      | Reached skill level 5 in Fire Magic
   939 | D:3      | Reached XP level 6. HP: 49/51 MP: 2/12
   971 | D:3      | Identified the +1 ring mail "Vinun" {rCorr Int-5 SInv}
  1402 | D:4      | Noticed Robin
  1405 | D:4      | Killed Robin
  1522 | D:4      | Found a runed translucent door.
  1523 | D:4      | Noticed Crazy Yiuf
  1528 | D:4      | Paralysed by Crazy Yiuf for 3 turns
  1532 | D:4      | Killed Crazy Yiuf
  1533 | D:4      | Reached skill level 6 in Fire Magic
  1591 | D:4      | Reached XP level 7. HP: 33/57 MP: 6/14
  1617 | D:4      | Reached skill level 7 in Fire Magic
  1704 | D:4      | Reached skill level 1 in Armour
  1704 | D:4      | Reached skill level 1 in Dodging
  1940 | D:5      | Entered Level 5 of the Dungeon
  1961 | D:5      | Reached skill level 1 in Staves
  1961 | D:5      | Reached XP level 8. HP: 54/66 MP: 0/15
  1966 | D:5      | Found a broken altar of Ashenzari.
  2045 | D:5      | Found a bloodstained altar of Trog.
  2220 | D:5      | Found a glowing drain.
  2231 | Sewer    | Entered a sewer
  2390 | Sewer    | Found a viscous altar of Jiyva.
  2518 | D:5      | Found a sparkling altar of Nemelex Xobeh.
  2594 | D:5      | Reached skill level 5 in Fighting
  2594 | D:5      | Gained mutation: You passively map the area around you.
                  | [Meteoran growth]
  2594 | D:5      | Reached XP level 9. HP: 74/74 MP: 16/16
  2597 | D:5      | Fell from the grace of Ignis
  2597 | D:5      | Became a worshipper of Ashenzari the Shackled
  2678 | D:6      | Reached skill level 5 in Staves
  3187 | D:7      | Slain by a fire elemental

Illustrated notes

Levels and vault maps discovered:
D:1:      tarquinn_simple_flora_water_b, layout_loops_ring, glass_columns_a,
          serial_bayou_pond_a, minivault_23
D:2:      layout_rooms, basic_altar
D:3:      layout_basic, ebering_ecumenical_altar_webs, nicolae_titane
D:4:      layout_basic, uniq_crazy_yiuf_cottage, uniq_robin
D:5:      layout_rooms, amcnicky_altar_gilded,
          nemelex_xobeh_ov_fountains_minmay, cheibrodos_ashenzari_chains,
          gup_sewer_entry_pipe, sigmund_edmund_badplayer
D:6:      layout_basic, minmay_misc_feat_cross, minmay_misc_feat_tower,
          minmay_statues_item
D:7:      layout_basic, okawaru_gym_becter, minmay_temple_entry_slanted,
          gammafunk_ghost_cemetery, uniq_joseph, uniq_pikel

Skill      XL: |  1  2  3  4  5  6  7  8  9 |
---------------+----------------------------+-----
Spellcasting   | 2 3 4 |  4.0
Fire Magic     | 4 5 6 7 |  7.0
Maces & Flails | 5 6 |  6.0
Armour         | 1 3 4 |  4.0
Dodging        | 1 3 4 |  4.8
Fighting       | 4 5 |  5.9
Staves         | 1 4 6 |  6.7

Action                   |  1- 3 |  4- 6 |  7- 9 || total
-------------------------+-------+-------+-------++-------
Melee: Mace              |    42 |    75 |       ||   117
       Punch             |     1 |       |       ||     1
       Quarterstaff      |       |       |   191 ||   191
 Cast: Scorch            |    20 |    52 |    34 ||   106
Invok: Foxfire Swarm     |       |       |     1 ||     1
       Curse Item        |       |       |     1 ||     1
  Use: Scroll            |       |       |    16 ||    16
       Potion            |       |       |     1 ||     1
Armor: Robe              |     8 |       |       ||     8
       Ring mail         |       |    42 |   138 ||   180
Dodge: Dodged            |    26 |    41 |    84 ||   151
Block: Other             |       |    15 |    52 ||    67

Table legend: (Time is in decaauts)
 A = Elapsed time spent in this place.
 B = Non-inter-level travel time spent in this place.
 C = Inter-level travel time spent in this place.
 D = Time resting spent in this place.
 E = Time spent auto-exploring this place.
 F = Levels seen in this place.
 G = Mean time per level.
                   A        B        C        D        E       F      G
               +--------+--------+--------+--------+--------+-----+--------+
         Total |   3207 |   3046 |    161 |      0 |   2109 |   8 |  400.9 |
       Dungeon |   2939 |   2778 |    161 |      0 |   1997 |   7 |  419.9 |
         Sewer |    267 |    267 |      0 |      0 |    112 |   1 |  267.0 |
               +--------+--------+--------+--------+--------+-----+--------+

Top non-repeatable levels by time:
     D:4: 614 daAuts
     D:3: 538 daAuts
     D:1: 511 daAuts
     D:5: 463 daAuts
     D:6: 358 daAuts
     D:2: 293 daAuts
   Sewer: 267 daAuts
     D:7: 159 daAuts
